 Dungeon Crawl Stone Soup version 0.30-a0-596-g0af90f9a20 (webtiles) character file.

Game seed: 11394639742611494012

98023 Twinkles the Severer (level 16, 0/151 HPs)
             Began as a Hill Orc Fighter on Jan 4, 2023.
             Was a High Priest of Uskayaw.
             Shot with a bolt by a yaktaur (1 damage)
             ... on level 15 of the Dungeon on Jan 6, 2023.
             The game lasted 01:54:32 (21259 turns).

Twinkles the Severer (Hill Orc Fighter)            Turns: 21259, Time: 01:54:33

Health: 0/151      AC:  7    Str: 27    XL:     16   Next: 21%
Magic:  28/28      EV: 18    Int:  8    God:    Uskayaw [*****.]
Gold:   3057       SH:  0    Dex: 10    Spells: 15/15 levels left

rFire   . . .      SeeInvis .    a - +8 frozen axe "Frostbite" {freeze, freezing cloud, *Noise Fly rC+}
rCold   + . .      Faith    .    (shield currently unavailable)
rNeg    . . .      Spirit   .    (no body armour)
rPois   .          Reflect  .    Q - +1 helmet
rElec   .          Harm     .    u - scarf {shadows}
rCorr   .          Rampage  .    W - +0 pair of gloves
Will    ++...                    C - +2 pair of boots
Stlth   +                        o - amulet of regeneration
HPRegen 1.25/turn                i - ring of willpower
MPRegen 0.21/turn                m - +5 ring of evasion

@: flying, slowed, very slow
A: no striking features
a: Renounce Religion, Stomp, Line Pass, Grand Finale


You were on level 15 of the Dungeon.
You worshipped Uskayaw.
Uskayaw was most pleased with you.
You visited 4 branches of the dungeon, and saw 22 of its levels.
You also visited: Ice Cave.

You collected 5832 gold pieces.
You spent 2775 gold pieces at shops.

Inventory:

Hand Weapons
 a - the +8 frozen axe "Frostbite" (weapon) {freeze, freezing cloud, *Noise Fly rC+}
   (You found it on level 11 of the Dungeon)

   It occasionally leaves clouds of freezing vapour upon striking a foe.
   It grants immunity to clouds of freezing vapour.
   rC:        It protects you from cold.
   Fly:       It grants you flight.
   *Noise:    It may make noises in combat.
 b - the +3 greatsling "Punk" {acid, rCorr}
   (You took it off a centaur warrior on level 13 of the Dungeon)

   rCorr:     It protects you from acid and corrosion.
 c - a +3 war axe of flaming
Missiles
 e - 7 curare-tipped darts (quivered)
 r - 9 poisoned darts
 v - 4 throwing nets
Armour
 u - a scarf of shadows (worn)
 C - a +2 pair of boots (worn)
 Q - a +1 helmet (worn)
 W - a +0 pair of gloves (worn)
Jewellery
 i - a ring of willpower (left hand)
 m - a +5 ring of evasion (right hand)
 n - a +6 ring of strength
 o - an amulet of regeneration (around neck)
 z - a ring of protection from cold
 L - a ring of see invisible
 O - a ring of resist corrosion
 X - the ring "Toblaib" {Wiz rF+ Will- Str+4}
   (You found it on level 13 of the Dungeon)

   [ring of wizardry]

   It improves your spell success rate.
   Str:       It affects your strength (+4).
   rF:        It protects you from fire.
   Will:      It decreases your willpower.
Wands
 d - a wand of digging (13)
 j - a wand of polymorph (4)
 p - a wand of paralysis (14)
 y - a wand of mindburst (9)
 D - a wand of roots (26)
 K - a wand of quicksilver (3)
Scrolls
 f - 3 scrolls of noise
 h - 2 scrolls of silence {unknown}
 k - a scroll of immolation {unknown}
 q - 3 scrolls of brand weapon {unknown}
 t - 2 scrolls of torment {unknown}
 x - 2 scrolls of blinking {unknown}
 B - a scroll of magic mapping {unknown}
 E - 5 scrolls of fear
 F - 6 scrolls of fog
 S - 2 scrolls of summoning
 V - 5 scrolls of vulnerability
 Y - 9 scrolls of teleportation
Potions
 A - 3 potions of attraction
 G - a potion of ambrosia
 H - 3 potions of haste
 I - 2 potions of invisibility
 J - 11 potions of curing
 M - a potion of might
 N - 2 potions of heal wounds
 P - 5 potions of lignification
 R - 3 potions of resistance
 T - 4 potions of berserk rage
Miscellaneous
 l - a condenser vane
 s - a tin of tremorstones (2/2)
 w - a phial of floods


   Skills:
 + Level 16.0 Fighting
 * Level 20.9 Axes
 + Level 14.4 Armour
 - Level 5.0 Dodging
 - Level 6.3 Shields
 + Level 16.4 Invocations


You had 15 spell levels left.
You didn't know any spells.
Your spell library contained the following spells:

 Spells                   Type           Power      Damage    Failure   Level
 Beastly Appendage        Tmut           0%         N/A       41%         1
 Foxfire                  Conj/Fire      0%         2x1d4     41%         1
 Necrotise                Necr           0%         1d4       41%         1
 Slow                     Hex            0%         N/A       41%         1
 Summon Small Mammal      Summ           0%         N/A       41%         1
 Cigotuvi's Dreadful Rot  Necr/Pois/Air  0%         N/A       54%         2
 Poisonous Vapours        Pois/Air       0%         N/A       54%         2
 Wereblood                Tmut           0%         N/A       54%         2
 Confusing Touch          Hex            0%         N/A       78%         3
 Frozen Ramparts          Ice            0%         1d1       78%         3
 Hailstorm                Conj/Ice       0%         3d3       78%         3
 Ignite Poison            Fire/Tmut/Pois 0%         N/A       78%         3
 Inner Flame              Hex/Fire       0%         N/A       78%         3
 Mephitic Cloud           Conj/Pois/Air  0%         N/A       78%         3
 Ozocubu's Armour         Ice            0%         N/A       78%         3
 Spider Form              Tmut/Pois      0%         N/A       78%         3
 Summon Guardian Golem    Hex/Summ       0%         N/A       78%         3
 Tukima's Dance           Hex            0%         N/A       78%         3
 Vampiric Draining        Necr           0%         2d6       78%         3
 Dispel Undead            Necr           0%         3d6       99%         4
 Flame Wave               Conj/Fire      0%         2d4       99%         4
 Ice Form                 Ice/Tmut       0%         N/A       99%         4
 Passage of Golubria      Tloc           0%         N/A       99%         4
 Sticky Flame             Conj/Fire      0%         2d3       99%         4
 Summon Ice Beast         Ice/Summ       0%         N/A       99%         4
 Agony                    Necr           0%         N/A       100%        5
 Fireball                 Conj/Fire      0%         3d3       100%        5
 Metabolic Englaciation   Hex/Ice        0%         N/A       100%        5
 Yara's Violent Unravell  Hex/Tmut       0%         3d3       100%        5
 Death Channel            Necr           0%         N/A       100%        6
 Simulacrum               Ice/Necr       0%         N/A       100%        6
 Starburst                Conj/Fire      0%         6d3       100%        6
 Ozocubu's Refrigeration  Ice            0%         4d7       100%        7
 Ignition                 Fire           0%         3d3       100%        8


Dungeon Overview and Level Annotations

Branches:
Dungeon (15/15) Zot: 26778  Temple (1/1) D:5 Zot: 5923    Lair (5/5) D:11 Zot: 23688
  Swamp (0/4) Lair:3       Spider (0/4) Lair:2        Slime (0/5) Lair:4
    Orc (1/2) D:11 Zot: 5997  Vaults (0/5) D:14         Depths (0/4) D:15
  IceCv (visited)

Altars:
Ashenzari
Cheibriados
Dithmenos
Elyvilon
Fedhas
Gozag
Hepliaklqana
Kikubaaqudgha
Makhleb
Nemelex Xobeh
Okawaru
Qazlal
Ru
Sif Muna
Trog
Uskayaw
Vehumet
Wu Jian
Xom
Yredelemnul
Zin
The Shining One
Jiyva
Lugonu

Shops:
D:2 [   D:8 *   D:14 :*

Portals:
Abyss: Lair:5

Annotations:
D:9 1 exclusion
D:11 exclusion: door
D:13 exclusions: upstairs and 1 more exclusion
Lair:1 exclusions: electric eel and 5 more exclusions
Lair:3 2 transporters, exclusion: 2 oklob plants, Heh's ghost, journeyman OpFi


Message History

The centaur is almost dead.
You slice the freezing wraith!!
You kill the centaur!
You hear ice groaning.
The freezing wraith closely misses you. The freezing wraith hits you.
The freezing wraith drains your vigour!
You feel yourself slow down.
The yaktaur is no longer paralysed. x2; The centaur wields a +0 shortbow.
The centaur shoots an arrow.
The arrow hits you but does no damage.
A centaur warrior zombie comes into view.
A redback zombie comes into view.
The yaktaur completely misses you. The freezing wraith misses you. x2
The yaktaur unwields a +0 morningstar.
The yaktaur wields a +0 arbalest of freezing.
It is covered in frost.
The yaktaur shoots a bolt.
The bolt hits you!! The bolt freezes you.
Things that are here:
a +0 arbalest of electrocution; a +0 robe; a potion of flight You open the yaktaur like a pillowcase!!!
You destroy the freezing wraith!
You freeze the yaktaur.
You kill the yaktaur!
The centaur shoots an arrow.
The arrow hits you!
The centaur shoots an arrow.
The arrow hits you.
The yaktaur shoots a bolt.
The bolt barely misses you.
The centaur shoots an arrow.
The arrow hits you.
The wolf spider zombie is no longer sharing its pain.
The centaur warrior zombie hits you.
The centaur warrior zombie closely misses you.
The centaur shoots an arrow.
The arrow closely misses you.
The yaktaur shoots a bolt.
The bolt hits you!!
* * * LOW HITPOINT WARNING * * *
The bolt freezes you.
* * * LOW HITPOINT WARNING * * *
The centaur warrior zombie hits you!
* * * LOW HITPOINT WARNING * * *
The centaur warrior zombie kicks you.
* * * LOW HITPOINT WARNING * * *
The yaktaur shoots a bolt.
The bolt hits you!!
* * * LOW HITPOINT WARNING * * *
The bolt freezes you.
You die...

##.# ##.##
#..# ##.##
#..# ##.##
#))########
...#c#)☼.....#
...Zc.@).....#
.♣#Z#Z.)......
♣..Z#........
...#.#.......#
####.#......##
# ##...###
#####


You could see a yaktaur (pain bonded), a centaur, a wolf spider zombie, a
redback zombie and 2 centaur warrior zombies.

Vanquished Creatures
  Kirke (Lair:4)
  Azrael (D:14)
  A white draconian (IceCv)
  An ettin (D:15)
  An entropy weaver (shapeshifter) (D:13)
  3 vault guards (D:14)
  An ice dragon (D:13)
  11 boulder beetles
  An ogre mage (D:15)
  A catoblepas (Lair:5)
  8 hydras
  8 centaur warriors
  Erica (D:9)
  8 two-headed ogres
  4 death yaks (Lair:5)
  3 tengu warriors
  3 thrashing horrors (Lair:5)
  Sonja (Lair:3)
  2 large abominations (Lair:5)
  5 skeletal warriors (D:14)
  Lodul (D:13)
  A fire crab (shapeshifter) (D:13)
  2 deep trolls (D:15)
  4 deep elf pyromancers
  2 wizards (D:15)
  2 wolf spiders (D:13)
  7 ugly things
  4 manticores
  8 cyclopes
  7 elephants
  A black mamba (Lair:5)
  2 ice statues (IceCv)
  A centaur zombie (D:15)
  An eye of devastation (shapeshifter) (Lair:5)
  9 cane toads
  4 gargoyles
  A yaktaur (shapeshifter) (Lair:5)
  5 rime drakes
  4 yaktaurs (D:15)
  5 komodo dragons
  2 unseen horrors
  An efreet (D:13)
  10 trolls
  An ancient zyme (Lair:5)
  2 freezing wraiths
  A meliai (D:13)
  A blink frog (shapeshifter) (D:14)
  21 blink frogs
  6 polar bears
  A hornet (shapeshifter) (D:13)
  8 slime creatures
  13 small abominations (Lair:5)
  A spriggan (Lair:5)
  A shadow (D:12)
  3 centaur simulacra
  3 ynoxinuls
  5 jumping spiders (Lair:2)
  2 wyverns
  A vampire (D:13)
  A human (shapeshifter) (D:13)
  3 wraiths
  A culicivora (Lair:2)
  2 fire elementals (D:14)
  53 yaks
  3 steam dragons
  A hog (Lair:4)
  9 humans (D:14)
  5 basilisks
  4 chaos spawn (Lair:5)
  10 vampire mosquitoes
  3 wargs
  Menkaure (D:7)
  2 acid dragons
  7 water moccasins
  3 hell hounds (D:14)
  A swamp drake (Lair:2)
  2 sky beasts
  2 ice beasts
  3 orc warriors
  A black bear (D:6)
  11 ogres
  An ogre (shapeshifter) (D:13)
  14 wolves
  5 centaurs
  5 boggarts (D:14)
  2 kobold brigands
  A scorpion (D:7)
  9 bullfrogs
  2 gnoll sergeants
  3 wights (D:6)
  9 killer bees
  4 lindwurm simulacra (IceCv)
  7 howler monkeys
  3 electric eels
  2 hounds (D:6)
  6 orc priests
  5 komodo dragon simulacra (IceCv)
  6 jellies
  3 iguanas
  13 orc wizards
  4 hell rats (Lair:5)
  5 acid dragon simulacra (IceCv)
  10 adders
  8 gnolls
  2 white imps
  A howler monkey simulacrum (D:11)
  An ufetubus (D:7)
  7 steam dragon simulacra (IceCv)
  2 worms (D:2)
  2 dart slugs
  33 orcs
  5 bats
  6 endoplasms
  4 giant cockroaches
  3 goblins
  4 hobgoblins
  18 kobolds
  2 quokkas
  7 ball pythons
  A frilled lizard (D:5)
  7 rats
  A plant (D:14)
580 creatures vanquished.

Vanquished Creatures (others)
  2 bullfrogs (Lair:4)
  An electric eel (D:14)
  40 fungi
  189 plants
232 creatures vanquished.

Grand Total: 812 creatures vanquished

Notes
Turn   | Place    | Note
-------+----------+-------------------------------------------
     0 | D:1      | Twinkles the Hill Orc Fighter began the quest for the Orb.
     0 | D:1      | Reached XP level 1. HP: 19/19 MP: 1/1
   337 | D:1      | Reached skill level 3 in Axes
   337 | D:1      | Reached XP level 2. HP: 27/27 MP: 2/2
   572 | D:2      | Upgraded the game from 0.30-a0-586-g23e55c9e0a to
                  | 0.30-a0-591-g3c58d2bc28
   597 | D:2      | Found Uqeprouh's Antique Armour Boutique.
   635 | D:2      | Reached XP level 3. HP: 20/33 MP: 3/3
   723 | D:2      | Found a faded altar of an unknown god.
   735 | D:2      | Got Plato's Lectures on Allies
  1149 | D:2      | Reached XP level 4. HP: 40/40 MP: 4/4
  1725 | D:3      | Reached skill level 4 in Axes
  1986 | D:3      | Reached XP level 5. HP: 39/47 MP: 5/5
  2345 | D:4      | Reached skill level 5 in Fighting
  2346 | D:4      | Reached XP level 6. HP: 56/56 MP: 6/6
  2507 | D:5      | Entered Level 5 of the Dungeon
  2524 | D:5      | Found a staircase to the Ecumenical Temple.
  2533 | Temple   | Entered the Ecumenical Temple
  2594 | Temple   | Became a worshipper of Uskayaw the Reveller
  2752 | D:5      | Reached * piety under Uskayaw
  2754 | D:5      | Reached ** piety under Uskayaw
  2756 | D:5      | Reached skill level 5 in Axes
  2785 | D:5      | Reached *** piety under Uskayaw
  2826 | D:5      | Reached skill level 5 in Armour
  2881 | D:5      | Reached skill level 5 in Shields
  2881 | D:5      | Reached XP level 7. HP: 60/61 MP: 7/7
  2883 | D:5      | Reached skill level 1 in Invocations
  3549 | D:6      | Found a basalt altar of Yredelemnul.
  4067 | D:6      | Reached skill level 6 in Axes
  4067 | D:6      | Reached XP level 8. HP: 70/70 MP: 10/10
  4381 | D:6      | Reached **** piety under Uskayaw
  4763 | D:7      | You fall into a shaft and drop 2 floors!
  4835 | D:9      | Noticed a yak
  4835 | D:9      | Noticed a yak
  4835 | D:9      | Noticed a yak
  4835 | D:9      | Noticed a yak
  4835 | D:9      | Noticed a yak
  4835 | D:9      | Noticed a yak
  4852 | D:9      | Found a snail-covered altar of Cheibriados.
  4990 | D:7      | Reached skill level 7 in Axes
  4992 | D:7      | Reached skill level 5 in Invocations
  4992 | D:7      | Noticed Menkaure
  4995 | D:7      | Reached XP level 9. HP: 67/79 MP: 12/12
  4999 | D:7      | Killed Menkaure
  4999 | D:7      | Reached ***** piety under Uskayaw
  5011 | D:7      | Reached ****** piety under Uskayaw
  5094 | D:7      | Reached skill level 8 in Axes
  5988 | D:8      | Reached skill level 9 in Axes
  6094 | D:8      | Reached XP level 10. HP: 90/90 MP: 15/15
  6201 | D:8      | Found an ornate altar of the Wu Jian Council.
  6268 | D:8      | Found Fudeth's Changing Room.
  6764 | D:9      | Noticed Erica
  6770 | D:9      | Killed Erica
  6813 | D:9      | Found an iron altar of Okawaru.
  6909 | D:9      | Reached skill level 10 in Axes
  7068 | D:9      | Found an ancient bone altar of Kikubaaqudgha.
  7463 | D:10     | Entered Level 10 of the Dungeon
  7520 | D:10     | Reached skill level 10 in Fighting
  7670 | D:10     | Reached XP level 11. HP: 97/100 MP: 16/18
  7676 | D:10     | Reached skill level 11 in Axes
  7713 | D:10     | Found an opulent altar of Gozag.
  7819 | D:10     | Found a bloodstained altar of Trog.
  8003 | D:2      | Bought a pair of glowing boots for 225 gold pieces
  8315 | D:10     | Noticed a two-headed ogre
  8335 | D:10     | Killed a two-headed ogre
  8336 | D:10     | Reached skill level 10 in Invocations
  8577 | D:10     | Found a shimmering blue altar of Sif Muna.
  8587 | D:10     | Got Sif Muna's Elucidation of Spellbinding
  8755 | D:11     | Noticed a boulder beetle
  8772 | D:11     | HP: 24/101 [boulder beetle (42)]
  8774 | D:11     | Killed a boulder beetle
  9014 | D:11     | Found the +8 frozen axe "Frostbite" {freeze, freezing
                  | cloud, *Noise Fly rC+}
  9026 | D:11     | Reached skill level 10 in Armour
  9379 | D:10     | Reached skill level 12 in Axes
  9380 | D:10     | Reached skill level 1 in Dodging
  9404 | D:11     | Found a staircase to the Orcish Mines.
  9444 | D:11     | Found a staircase to the Lair.
  9573 | D:11     | Noticed a two-headed ogre
  9604 | D:11     | Killed a two-headed ogre
  9768 | D:11     | Noticed a white ugly thing
  9907 | D:11     | Noticed a two-headed ogre
  9940 | D:11     | Killed a two-headed ogre
 10066 | Orc:1    | Entered Level 1 of the Orcish Mines
 10066 | Orc:1    | Noticed an orc knight
 10066 | Orc:1    | Noticed a two-headed ogre
 10067 | Orc:1    | Noticed an ogre mage
 10094 | Lair:1   | Entered Level 1 of the Lair of Beasts
 10113 | Lair:1   | Reached XP level 12. HP: 93/110 MP: 20/20
 10435 | Lair:1   | Identified 2 scrolls of acquirement
 10435 | Lair:1   | Acquired 1284 gold pieces
 10439 | Lair:1   | Acquired 734 gold pieces
 10609 | D:2      | Bought a runed crystal plate armour for 2490 gold pieces
 10899 | Lair:1   | Reached skill level 13 in Axes
 11141 | Lair:1   | Noticed a boulder beetle
 11151 | Lair:1   | Killed a boulder beetle
 11985 | Lair:2   | Noticed a six-headed hydra
 12300 | Lair:2   | Reached skill level 14 in Axes
 12357 | Lair:2   | Killed a six-headed hydra
 12619 | Lair:2   | Found a hole to the Spider Nest.
 13163 | Lair:3   | Upgraded the game from 0.30-a0-591-g3c58d2bc28 to
                  | 0.30-a0-596-g0af90f9a20
 13223 | Lair:3   | Noticed Sonja
 13238 | Lair:3   | Killed Sonja
 13290 | Lair:3   | Noticed a six-headed hydra
 13298 | Lair:3   | Killed a six-headed hydra
 13299 | Lair:3   | Reached XP level 13. HP: 119/119 MP: 22/22
 13311 | Lair:3   | Found a staircase to the Swamp.
 13369 | Lair:3   | Reached skill level 15 in Axes
 13509 | Lair:3   | Found a transporter.
 13523 | Lair:3   | Found a transporter.
 13963 | Lair:4   | Found a viscous altar of Jiyva.
 13964 | Lair:4   | Found a staircase to the Slime Pits.
 14187 | Lair:4   | Noticed Kirke
 14205 | Lair:4   | Killed Kirke
 15339 | Lair:5   | Entered Level 5 of the Lair of Beasts
 15399 | Lair:5   | Found a snail-covered altar of Cheibriados.
 15595 | Lair:5   | Reached skill level 16 in Axes
 15605 | Lair:5   | Reached skill level 5 in Dodging
 16162 | Lair:5   | Reached XP level 14. HP: 128/130 MP: 24/24
 16235 | Lair:5   | Reached skill level 17 in Axes
 16414 | Lair:5   | Found a corrupted altar of Lugonu.
 16414 | Lair:5   | Found a one-way gate to the infinite horrors of the Abyss.
 16791 | Lair:3   | Noticed Heh's ghost (journeyman OpFi)
 17560 | D:12     | Reached skill level 18 in Axes
 17930 | D:13     | Found a snail-covered altar of Cheibriados.
 18026 | D:13     | Found a frozen archway.
 18512 | IceCv    | Entered an ice cave
 18661 | IceCv    | Noticed a white draconian
 18679 | IceCv    | Killed a white draconian
 18744 | IceCv    | Identified the ring of the Vendetta {*Corrode rPois rN+
                  | Str+2 Dex+2}
 19152 | D:13     | Reached XP level 15. HP: 136/139 MP: 26/26
 19176 | D:13     | Noticed Lodul
 19190 | D:13     | Reached skill level 15 in Invocations
 19194 | D:13     | Killed Lodul
 19194 | D:13     | HP: 39/139 [cyclops (10)]
 19195 | D:13     | Reached skill level 19 in Axes
 19199 | D:13     | HP: 37/139 [constriction (8)]
 19310 | D:13     | Reached skill level 15 in Fighting
 19361 | D:13     | Identified the ring "Toblaib" {Wiz rF+ Will- Str+4}
 20322 | D:14     | Reached skill level 20 in Axes
 20377 | D:14     | Found a gate to the Vaults.
 20480 | D:14     | Found Viatsuh's Book Shop.
 20566 | D:14     | Found Zodaho's General Store.
 20575 | D:14     | Bought a scroll of amnesia for 60 gold pieces
 20851 | D:14     | Noticed Azrael
 20858 | D:14     | Killed Azrael
 20934 | D:14     | Identified the +6 broad axe of Jacliac {flame, rF+ rCorr}
 21034 | D:15     | Entered Level 15 of the Dungeon
 21061 | D:15     | Reached XP level 16. HP: 150/151 MP: 28/28
 21212 | D:15     | Found a staircase to the Depths.
 21259 | D:15     | HP: 45/151 [yaktaur/bolt (35)]
 21259 | D:15     | HP: 1/151 [yaktaur/bolt (31)]
 21259 | D:15     | Shot with a bolt by a yaktaur

Illustrated notes

Levels and vault maps discovered:
D:1:      amcnicky_arrival_double_pillar, layout_rooms, serial_forest,
          infiniplex_forest_straight_3, infiniplex_forest_lined_room_2,
          infiniplex_forest_end_double, infiniplex_forest_lined_room_3,
          infiniplex_forest_lined_2, infiniplex_forest_clump_diagonal,
          infiniplex_forest_lined_3
D:2:      minmay_general_purpose_star, layout_loops_ring, serial_shops,
          nicolae_diamond_shop, shapermc_ecumenical_altar_rom_forum
D:3:      layout_rooms, minmay_quadrilaterals
D:4:      layout_rooms, minmay_cut_off
D:5:      layout_gridville, minmay_temple_entry_sparse_star,
          lexackson_kobold_supper
D:6:      layout_layer_cave, mainiacjoe_overflow_alcove_2,
          corexii_hall_statues_x, chequers_jeans
D:7:      layout_cave_pods, uniq_menkaure
D:8:      layout_basic, lemuel_tele_altar, nicolae_transmutations_shop,
          nicolae_concentric_dashed_squares_mild
D:9:      layout_gridville, lemuel_round_altar, nicolae_overflow_hidden_temple,
          enter_bailey_6, kennysheep_generic_room_12, uniq_erica
D:10:     layout_cave_pods, nzn_overflow_gifts_of_might_and_magic,
          mainiacjoe_overflow_alcove_1
D:11:     minmay_coctagon, layout_basic, david_lair_shrubbed, david_orc_3,
          serial_bayou_pond_c, grunt_tough_drop
D:12:     layout_irregular_city, minmay_diced_spiral
D:13:     minmay_the_grid_square_5x5_5x5
          [minmay_the_grid_square_5x5_two_walls_b,
          minmay_the_grid_square_5x5_hollow_slash,
          minmay_the_grid_square_5x5_forky,
          minmay_the_grid_square_5x5_minivault,
          minmay_the_grid_square_5x5_checkered,
          minmay_the_grid_square_5x5_fancy_junction,
          minmay_the_grid_square_5x5_prize_open,
          minmay_the_grid_square_5x5_corner,
          minmay_the_grid_square_5x5_prize_gold,
          minmay_the_grid_square_5x5_six_small,
          minmay_the_grid_square_5x5_inset,
          minmay_the_grid_square_5x5_doubleslash,
          minmay_the_grid_square_5x5_prize_waves,
          minmay_the_grid_square_5x5_one_wall,
          minmay_the_grid_square_5x5_inner_i,
          minmay_the_grid_square_5x5_checkered_sparse,
          minmay_the_grid_square_5x5_prize_rear_guard,
          minmay_the_grid_square_5x5_percent,
          minmay_the_grid_square_5x5_prize_itemx,
          minmay_the_grid_square_5x5_meh, minmay_the_grid_square_5x5_moneybag,
          minmay_the_grid_square_5x5_v, minmay_the_grid_square_5x5_shrine2,
          minmay_the_grid_square_5x5_tie, minmay_the_grid_square_5x5_gyroscope],
          layout_cave_pools, portal_ice_cave_entry_pillars_2,
          cheibriados_altar_1, uniq_lodul
D:14:     layout_roguey, ximxim_vaults_locker_room, serial_shops,
          nicolae_shop_temple_entry_statues_fountains, nicolae_stop_n_shop_2,
          serial_bayou, serial_bayou_lagoon_a, serial_bayou_pond_c,
          serial_bayou_pond_c, serial_bayou_crossing, due_unseen_surprise,
          uniq_azrael
D:15:     hangedman_depths_entry_civil_slaughter, layout_cave_pods,
          gammafunk_ghost_arena, eino_curves_04,
          nicolae_yredelemnul_corpse_copse
Temple:   zaba_magenta_temple
Lair:1:   layout_regular_city, grunt_megastairs_5, infiniplex_staircase_pool
Lair:2:   layout_long_grid, nicolae_spider_entry_tight_spaces,
          hibernation_bobbens, serial_bayou_shore_b
Lair:3:   layout_gridlike, swamp_mist, nzn_ghost_randoct,
          minmay_lair_oklob_bushes, lemuel_fruit_tree, uniq_sonja
Lair:4:   layout_layer_cave, minmay_slime_entry_pillars, serial_bayou_shore_a,
          uniq_kirke
Lair:5:   hellmonk_lair_end_abyssal_woods, layout_loops_ring, basic_altar
Orc:1:    layout_diamond_mine, small_statue_alley_c, nicolae_orc_lost_temple,
          uniq_harold, uniq_fannar

Skill      XL: |  1  2  3  4  5  6  7  8  9 10 11 12 13 14 15 16 |
---------------+-------------------------------------------------+-----
Axes           | 3 4 5 6 7 9 10 12 14 16 18 20 | 20.9
Fighting       | 4 5 6 7 8 10 11 12 13 14 15 16 | 16.0
Armour         | 4 5 6 7 9 10 11 12 13 14 | 14.4
Shields        | 4 5 6 |  6.3
Invocations    | 3 5 7 9 11 12 13 14 16 | 16.4
Dodging        | 2 4 5 |  5.0

Action                   |  1- 3 |  4- 6 |  7- 9 | 10-12 | 13-15 | 16-18 || total
-------------------------+-------+-------+-------+-------+-------+-------++-------
Melee: War axe           |    52 |   150 |   170 |   285 |    23 |       ||   680
       Punch             |       |       |       |     3 |     1 |       ||     4
       Executioner's axe |       |       |       |    40 |   548 |    28 ||   616
       Trident           |       |       |       |     2 |       |       ||     2
 Fire: Sling             |    27 |       |       |       |       |       ||    27
       Greatsling        |       |       |       |       |    13 |       ||    13
Throw: Dart              |       |       |       |    40 |     5 |       ||    45
Invok: Grand Finale      |       |       |       |       |     1 |     1 ||     2
Evoke: Wand              |       |       |       |    10 |     2 |       ||    12
  Use: Scroll            |       |       |     1 |    16 |    10 |     1 ||    28
       Potion            |       |       |       |     1 |     2 |       ||     3
 Stab: Paralysed         |       |       |    11 |    36 |    51 |     5 ||   103
Armor: Scale mail        |    28 |    81 |    85 |       |       |       ||   194
       Acid dragon scale |       |       |       |    50 |       |       ||    50
       Ice dragon scales |       |       |       |    22 |       |       ||    22
       Crystal plate arm |       |       |       |    92 |   460 |    12 ||   564
       Skin              |       |       |       |       |       |     4 ||     4
Dodge: Dodged            |    35 |    73 |    64 |   111 |   246 |    21 ||   550
Block: Buckler           |    17 |    39 |    41 |    34 |       |       ||   131

Table legend: (Time is in decaauts)
 A = Elapsed time spent in this place.
 B = Non-inter-level travel time spent in this place.
 C = Inter-level travel time spent in this place.
 D = Time resting spent in this place.
 E = Time spent auto-exploring this place.
 F = Levels seen in this place.
 G = Mean time per level.
                   A        B        C        D        E       F      G
               +--------+--------+--------+--------+--------+-----+--------+
         Total |  21375 |  18736 |   2639 |   1011 |  13475 |  23 |  929.3 |
       Dungeon |  14618 |  12372 |   2246 |    364 |   9096 |  15 |  974.5 |
        Temple |     76 |     62 |     14 |      0 |     50 |   1 |   76.0 |
          Lair |   6311 |   5932 |    379 |    647 |   4147 |   5 | 1262.2 |
  Orcish Mines |      2 |      2 |      0 |      0 |      0 |   1 |    2.0 |
      Ice Cave |    366 |    366 |      0 |      0 |    182 |   1 |  366.0 |
               +--------+--------+--------+--------+--------+-----+--------+

Top non-repeatable levels by time:
    D:13: 1873 daAuts
    D:11: 1472 daAuts
  Lair:1: 1466 daAuts
  Lair:5: 1426 daAuts
  Lair:4: 1423 daAuts
     D:6: 1394 daAuts
    D:10: 1138 daAuts
  Lair:2: 1117 daAuts
     D:8: 1071 daAuts
     D:9: 1063 daAuts
     D:5: 994 daAuts
    D:12: 930 daAuts
     D:7: 928 daAuts
     D:2: 924 daAuts
  Lair:3: 877 daAuts
